 Dungeon Crawl Stone Soup version 0.21.1-1-g345015f (webtiles) character file.

1939 Fang the Chopper (level 9, -5/56 HPs)
             Began as a Gargoyle Berserker on June 11, 2018.
             Was an Elder of Trog.
             Splashed by a jelly's acid (9 damage)
             ... on level 6 of the Dungeon on June 12, 2018.
             The game lasted 00:08:21 (7267 turns).

Fang the Chopper (Gargoyle Berserker)               Turns: 7267, Time: 00:08:22

Health: -5/56      AC: -7    Str: 25    XL:     9   Next: 18%
Magic:  9/9        EV: 13    Int:  7    God:    Trog [****..]
Gold:   257        SH:  0    Dex:  9    Spells: 8/8 levels left

rFire    . . .     SeeInvis .   a - +0 hand axe
rCold    . . .     Gourm    .   (no shield)
rNeg     + . .     Faith    .   b - +0 animal skin
rPois    ∞         Spirit   .   (no helmet)
rElec    +         Reflect  .   (no cloak)
rCorr    .         Harm     .   (no gloves)
MR       .....                  (no boots)
Stlth    ++........             (no amulet)
HPRegen  0.18/turn              (no ring)
MPRegen  0.11/turn              (no ring)

@: corroded
A: negative energy resistance 1, electricity resistance, unbreathing,
petrification resistance, rot immunity, AC +6
a: Berserk, Trog's Hand, Brothers in Arms, Burn Spellbooks, Renounce Religion


You were on level 6 of the Dungeon.
You worshipped Trog.
Trog was greatly pleased with you.
You were hungry.

You visited 2 branches of the dungeon, and saw 7 of its levels.

You collected 257 gold pieces.

Inventory:

Hand Weapons
 a - a +0 hand axe (weapon)
Armour
 b - a +0 animal skin (worn)
Jewellery
 u - an uncursed amulet of guardian spirit {unknown}
Wands
 m - a wand of random effects (52)
 r - a wand of digging (14)
Scrolls
 d - 11 scrolls of identify {unknown}
 h - 2 scrolls of blinking {unknown}
 j - 4 scrolls of enchant weapon {unknown}
 k - a scroll of immolation {unknown}
 l - a scroll of magic mapping {unknown}
 n - a scroll of remove curse {unknown}
 o - 2 scrolls of teleportation {unknown}
 q - a scroll of amnesia {unknown}
Potions
 e - a potion of flight {unknown}
 f - 3 potions of heal wounds {unknown}
 g - a potion of agility {unknown}
 i - 2 potions of berserk rage {unknown}
 p - 2 potions of lignification {unknown}
 s - a potion of brilliance {unknown}
 v - a potion of curing {unknown}
Books
 t - a book of Cantrips

   Spells                             Type                      Level
   a - Confusing Touch                Hexes                        1
   b - Animate Skeleton               Necromancy                   1
   c - Summon Small Mammal            Summoning                    1
   d - Apportation                    Translocation                1
   Trog disapproves of the use of such an item.
Comestibles
 c - 10 rations


   Skills:
 + Level 6.8 Fighting
 + Level 7.9 Axes
 + Level 2.3 Armour
 + Level 4.6 Dodging
 + Level 4.0 Stealth


You had 8 spell levels left.
You didn't know any spells.

Dungeon Overview and Level Annotations

Branches:
Dungeon (6/15)             Temple (1/1) D:4

Altars:
Ashenzari
Cheibriados
Dithmenos
Fedhas
Hepliaklqana
Kikubaaqudgha
Makhleb
Okawaru
Qazlal
Sif Muna
Trog
Uskayaw
Vehumet
Wu Jian
Xom
Yredelemnul
Zin
Lugonu

Shops:
D:6 =*


Innate Abilities, Weirdness & Mutations

You are resistant to torment.
Your stone body is resilient. (AC +6)
You are immune to poison.
You resist negative energy. (rN+)
You are resistant to electric shocks. (rElec)
You can survive without breathing.
You are immune to petrification.
You are immune to rotting.


Message History

The jelly closely misses you.
You hit the jelly.
Your hands burn!
The jelly is severely wounded.
The jelly barely misses you.
You hit the jelly but do no damage. The acid corrodes you!
Your hands burn!
The jelly is severely wounded.
The jelly barely misses you.
You hit the jelly but do no damage.
Your hands burn!
The jelly is severely wounded.
The jelly hits you.
* * * LOW HITPOINT WARNING * * *
You are splashed with acid!
The acid burns!
* * * LOW HITPOINT WARNING * * *
You hit the jelly but do no damage. The acid corrodes you!
Your hands burn!
* * * LOW HITPOINT WARNING * * *
The jelly is severely wounded.
The jelly hits you.
* * * LOW HITPOINT WARNING * * *
You are splashed with acid!
The acid burns!
You die...

####+###.#.#.#...
............#.#....<
...........#.####.#
...........#.......
..........######..
..........# ###
#.....###.# #
#######J##....#.####8...
.......@......#...##....
..............#.#.#_....
..............#.####....
#######.##....#.# ##8...
#.##....#.# #8#
#.##....#.########
#.##....#.##......
#.##...)#.##......
#.##...)(.........


You could see a jelly.

Vanquished Creatures
  The ghost of Danteric the Shield-Bearer, a novice GrFi of Okawaru (D:5)
  Sigmund (D:4)
  Menkaure (D:4)
  A sky beast (D:5)
  A phantom (D:6)
  3 ogres
  3 centaurs
  A bullfrog (D:6)
  A scorpion (D:6)
  A water moccasin skeleton (D:5)
  A howler monkey (D:6)
  A jelly (D:6)
  2 crimson imps
  A centaur skeleton (D:3)
  A hound (D:4)
  2 orc priests (D:4)
  An orc wizard (D:6)
  Ijyb (D:5)
  Natasha (D:2)
  A worker ant (D:4)
  Robin (D:4)
  A howler monkey zombie (D:6)
  7 adders
  2 shadow imps (D:5)
  An ooze (D:3)
  3 worms
  An adder skeleton (D:6)
  A dart slug (D:4)
  4 leopard geckos
  12 orcs
  A ball python (D:3)
  11 bats
  6 giant cockroaches
  10 goblins
  11 hobgoblins
  2 jackals (D:4)
  A quokka (D:5)
  5 frilled lizards
  A jackal zombie (D:6)
  5 kobolds
  A leopard gecko skeleton (D:4)
  9 rats
  A spectral orc (D:3)
123 creatures vanquished.

Notes
Turn   | Place    | Note
-------+----------+-------------------------------------------
     0 | D:1      | Fang the Gargoyle Berserker began the quest for the Orb.
     0 | D:1      | Reached XP level 1. HP: 14/14 MP: 1/1
   312 | D:1      | Reached XP level 2. HP: 19/19 MP: 2/2
   380 | D:1      | Reached skill level 3 in Axes
   480 | D:1      | Reached skill level 1 in Stealth
   487 | D:1      | Reached XP level 3. HP: 22/24 MP: 3/3
   540 | D:1      | Reached ** piety under Trog
   768 | D:2      | Found a burning altar of Makhleb.
  1395 | D:2      | Reached XP level 4. HP: 29/29 MP: 4/4
  1675 | D:2      | Noticed Natasha
  1686 | D:2      | Killed Natasha
  1967 | D:3      | Reached skill level 4 in Axes
  1967 | D:3      | Reached XP level 5. HP: 6/33 MP: 5/5
  2609 | D:3      | Found a basalt altar of Yredelemnul.
  2716 | D:4      | Noticed Robin
  2729 | D:4      | Reached *** piety under Trog
  2729 | D:4      | HP: 2/51 [goblin/dagger[Robin] (2)]
  3018 | D:4      | Killed Robin
  3138 | D:4      | Noticed Menkaure
  3148 | D:4      | Killed Menkaure
  3148 | D:4      | Reached XP level 6. HP: 39/39 MP: 6/6
  3189 | D:4      | Found a staircase to the Ecumenical Temple.
  3192 | D:4      | Noticed Sigmund
  3206 | D:4      | Killed Sigmund
  3206 | D:4      | Reached skill level 5 in Fighting
  3206 | D:4      | Reached skill level 5 in Axes
  3206 | D:4      | Reached XP level 7. HP: 42/44 MP: 7/7
  3445 | Temple   | Entered the Ecumenical Temple
  3504 | D:4      | Found an iron altar of Okawaru.
  4038 | D:4      | Found a blossoming altar of Fedhas.
  4114 | D:4      | Found a shimmering altar of Xom.
  4693 | D:5      | Entered Level 5 of the Dungeon
  4761 | D:5      | Noticed Danteric's ghost (novice GrFi)
  4785 | D:5      | Killed Danteric's ghost
  4785 | D:5      | Reached skill level 6 in Axes
  4785 | D:5      | Reached XP level 8. HP: 49/51 MP: 8/8
  5264 | D:5      | Noticed Ijyb
  5279 | D:5      | Killed Ijyb
  5651 | D:5      | Found a hide-covered altar of Uskayaw.
  5774 | D:5      | Reached skill level 7 in Axes
  6064 | D:6      | Found Xeydoal's Jewellery Boutique.
  6082 | D:6      | Found a shattered altar of Ashenzari.
  6097 | D:6      | Reached **** piety under Trog
  6256 | D:6      | Found an ancient bone altar of Kikubaaqudgha.
  6258 | D:6      | Found a bloodstained altar of Trog.
  6258 | D:6      | Found Wuamurche's General Store.
  6290 | D:6      | Found Naofim's Distillery.
  6629 | D:6      | Reached XP level 9. HP: 46/56 MP: 9/9
  6734 | D:6      | Found a snail-covered altar of Cheibriados.
  7267 | D:6      | Splashed by a jelly's acid

Skill      XL: |  1  2  3  4  5  6  7  8  9 |
---------------+----------------------------+-----
Axes           | 3 4 5 6 7 |  7.9
Stealth        | 1 2 3 4 |  4.0
Fighting       | 4 5 6 |  6.8
Dodging        | 2 3 4 |  4.6
Armour         | |  2.3

Action                   |  1- 3 |  4- 6 |  7- 9 || total
-------------------------+-------+-------+-------++-------
Melee: Hand axe          |   163 |   129 |   378 ||   670
Invok: Berserk           |       |     3 |     2 ||     5
 Stab: Sleeping          |     4 |     1 |     5 ||    10
  Eat: Chunk             |     1 |     6 |    11 ||    18
       Ration            |       |     1 |     1 ||     2
Armor: Animal skin       |    71 |    34 |    98 ||   203
Dodge: Dodged            |   121 |    89 |   220 ||   430
